 Dungeon Crawl Stone Soup version 0.23-a0-619-g281719c (webtiles) character file.

57 zishaf the Digger (level 4, -1/32 HPs)
             Began as a Formicid Earth Elementalist on Dec 22, 2018.
             Slain by a gnoll
             ... wielding a +0 spear
              (10 damage)
             ... on level 2 of the Dungeon.
             The game lasted 00:03:48 (1674 turns).

zishaf the Digger (Formicid Earth Elementalist)     Turns: 1674, Time: 00:03:48

Health: -1/32      AC:  3    Str: 12    XL:     4   Next: 18%
Magic:  7/7        EV: 11    Int: 16    God:
Gold:   51         SH:  6    Dex: 11    Spells: 1/7 levels left

rFire    . . .     SeeInvis +   e - +0 short sword
rCold    . . .     Gourm    .   h - +0 buckler
rNeg     . . .     Faith    .   m - +0 leather armour
rPois    .         Spirit   .   (helmet unavailable)
rElec    .         Reflect  +   (no cloak)
rCorr    .         Harm     .   (no gloves)
MR       .....                  (no boots)
Stlth    ++........             l - +3 amulet of reflection
HPRegen  0.10/turn              (no ring)
MPRegen  0.10/turn              (no ring)

@: no status effects
A: permanent stasis, dig shafts and tunnels, four strong arms, antennae 3
a: Dig, Shaft Self


You were on level 2 of the Dungeon.
You were hungry.

You visited 1 branch of the dungeon, and saw 2 of its levels.

You collected 51 gold pieces.

Inventory:

Hand Weapons
 e - a +0 short sword (weapon)
Missiles
 b - 61 stones
 j - 3 tomahawks (quivered)
Armour
 h - a +0 buckler (worn)
 m - a +0 leather armour (worn)
Jewellery
 l - a +3 amulet of reflection (around neck)
Scrolls
 g - 2 scrolls of magic mapping {unknown}
 i - a scroll of fear {unknown}
Potions
 a - a potion of magic {unknown}
 c - a potion of ambrosia {unknown}
 f - a potion of mutation {unknown}
Comestibles
 d - a ration


   Skills:
 + Level 1.3 Fighting
 + Level 1.1 Short Blades
 + Level 0.5 Armour
 - Level 2.0 Dodging
 + Level 3.1 Stealth
 * Level 1.4 Shields
 - Level 2.1 Spellcasting
 - Level 1.1 Transmutations
 + Level 4.1 Earth Magic


You had one spell level left.
You knew the following spells:

 Your Spells              Type           Power        Failure   Level  Hunger
a - Sandblast             Erth           ##....       6%          1    #......
b - Passwall              Tmut/Erth      ##......     17%         2    ###....
c - Stone Arrow           Conj/Erth      #.....       38%         3    ###....

Your spell library contained the following spells:

 Spells                   Type           Power        Failure   Level  Hunger
 Petrify                  Tmut/Erth      ##......     75%         4    #####..
 Lee's Rapid Deconstruct  Erth           ##........   86%         5    ######.


Dungeon Overview and Level Annotations

Branches:
Dungeon (2/15)

Altars:


Innate Abilities, Weirdness & Mutations

You cannot be hasted, slowed, berserked, paralysed or teleported.
You can dig through walls and to a lower floor.
Your four strong arms can wield two-handed weapons with a shield.
You have a pair of large antennae on your head. (SInv)


Message History

You hit the gnoll.
The gnoll is moderately wounded.
You block the gnoll's attack.
You hit the gnoll.
The gnoll is severely wounded.
The gnoll hits you with a +0 spear.
You hit the gnoll.
The gnoll is severely wounded.
The gnoll hits you with a +0 spear.
You barely miss the gnoll.
The gnoll is severely wounded.
The gnoll hits you with a +0 spear.
* * * LOW HITPOINT WARNING * * *
You hit the gnoll but do no damage.
The gnoll is severely wounded.
You block the gnoll's attack.
You hit the gnoll.
The gnoll is almost dead.
The gnoll hits you with a +0 spear!
You die... # #.).#.#### #.## #.#.##.## Sggg.

#.).#.#.##
{..[#####..###.#
...#...#.#.##
#.#.#.##.##
#...#.##.#
r.......##.##g#
...#.#####.##@#
. .r ..##.# $.%
###..# #. #.[# #
#..## #<..#
#.#.# #.#.#
#.#.#


You could see a gnoll.

Vanquished Creatures
  2 gnolls
  An adder (D:2)
  4 dart slugs (D:1)
  A giant cockroach (D:2)
  A goblin (D:1)
  A hobgoblin (D:1)
  3 jackals (D:1)
  5 kobolds (D:1)
  A bat (D:1)
  4 frilled lizards (D:1)
  A rat (D:1)
24 creatures vanquished.

Notes
Turn   | Place    | Note
-------+----------+-------------------------------------------
     0 | D:1      | zishaf the Formicid Earth Elementalist began the quest for
                  | the Orb.
     0 | D:1      | Reached XP level 1. HP: 13/13 MP: 3/3
   385 | D:1      | Reached XP level 2. HP: 12/20 MP: 5/5
   946 | D:1      | Reached skill level 1 in Fighting
  1075 | D:1      | Reached XP level 3. HP: 22/26 MP: 6/6
  1290 | D:2      | Learned a level 2 spell: Passwall
  1294 | D:2      | Learned a level 3 spell: Stone Arrow
  1332 | D:1      | Reached skill level 1 in Short Blades
  1332 | D:1      | Reached skill level 1 in Shields
  1332 | D:1      | Reached skill level 4 in Earth Magic
  1496 | D:2      | Reached XP level 4. HP: 13/32 MP: 7/7
  1674 | D:2      | Slain by a gnoll

Vault maps used:
D:1:      saegor_arrival_simple_a, minmay_tromino_i2
D:2:      minmay_puff

Skill      XL: |  1  2  3 |
---------------+----------+-----
Dodging        | 2 |  2.0
Fighting       | 1 |  1.3
Short Blades   | 1 |  1.1
Stealth        | 3 |  3.1
Shields        | 1 |  1.4
Earth Magic    | 4 |  4.1
Armour         | |  0.5
Spellcasting   | |  2.1
Transmutations | |  1.1

Action                   |  1- 3 |  4- 6 || total
-------------------------+-------+-------++-------
Melee: Short sword       |   104 |    12 ||   116
Throw: Tomahawk          |       |     4 ||     4
       Stone             |       |     1 ||     1
 Cast: Sandblast         |     2 |     2 ||     4
 Stab: Sleeping          |     1 |       ||     1
  Eat: Chunk             |     2 |       ||     2
Armor: Robe              |    18 |       ||    18
       Leather armour    |     2 |       ||     2
Dodge: Dodged            |    47 |     1 ||    48
Block: Buckler           |    22 |     7 ||    29
       Reflection        |     1 |     1 ||     2

Table legend:
 A = Non-vault XP
 B = Vault XP
 C = Vault XP percentage of total XP
 D = Non-vault monster count
 E = Vault monster count
 F = Vault count percentage of total count
                 A         B        C        D         E       F
            +---------+---------+-------+---------+---------+-------
      Total |      82 |       0 |   0.0 |      24 |       0 |   0.0
            +---------+---------+-------+---------+---------+-------
        D:1 |      52 |       0 |   0.0 |      21 |       0 |   0.0
        D:2 |      30 |       0 |   0.0 |       3 |       0 |   0.0
            +---------+---------+-------+---------+---------+-------
